 Dungeon Crawl Stone Soup version 0.26-b1-32-g5d43845318 (webtiles) character file.

Game seed: 9144763670946341848

135 Borgoz the Cudgeller (level 5, -3/32 HPs)
             Began as a Gargoyle Gladiator on Jan 12, 2021.
             Slain by an orc warrior
             ... wielding a +0 mace
              (16 damage)
             ... on level 7 of the Dungeon.
             The game lasted 00:02:52 (2215 turns).

Borgoz the Cudgeller (Gargoyle Gladiator)           Turns: 2215, Time: 00:02:53

Health: -3/32      AC: 10    Str: 19    XL:     5   Next: 18%
Magic:  5/5        EV: 12    Int:  8    God:
Gold:   109        SH:  0    Dex: 11    Spells: 4/4 levels left

rFire    . . .     SeeInvis .   a - +0 flail
rCold    + . .     Faith    .   (no shield)
rNeg     + . .     Spirit   .   f - +0 ring mail
rPois    ∞         Reflect  .   c - +0 helmet
rElec    +         Harm     .   (no cloak)
rCorr    .         Rampage  .   (no gloves)
Will     +....                  (no boots)
Stlth    +.........             (no amulet)
HPRegen  0.10/turn              g - ring of protection from cold
MPRegen  0.09/turn              b - ring of willpower

@: very slightly contaminated, invisible
A: negative energy resistance 1, electricity resistance, unbreathing,
petrification resistance, miasma immunity, AC +4
a: no special abilities


You were on level 7 of the Dungeon.
You visited 1 branch of the dungeon, and saw 5 of its levels.

You collected 109 gold pieces.

Inventory:

Hand Weapons
 a - a +0 flail (weapon)
Missiles
 d - 3 throwing nets (quivered)
Armour
 c - a +0 helmet (worn)
 f - a +0 ring mail (worn)
Jewellery
 b - a ring of willpower (right hand)
 g - a ring of protection from cold (left hand)
Scrolls
 k - a scroll of enchant weapon
Potions
 i - a potion of invisibility
 l - a potion of curing {unknown}


   Skills:
 + Level 3.1 Fighting
 * Level 4.3 Maces & Flails
 - Level 1.7 Throwing
 + Level 2.0 Armour
 + Level 3.0 Dodging


You had 4 spell levels left.
You didn't know any spells.
Your spell library was empty.

Dungeon Overview and Level Annotations

Branches:
Dungeon (7/15)
 Temple: D:4-7

Altars:
Gozag
Sif Muna


Innate Abilities, Weirdness & Mutations

You are resistant to torment.
Your stone body is resilient. (AC +4)
You are immune to poison.
You resist negative energy. (rN+)
You are resistant to electric shocks. (rElec)
You can survive without breathing.
You are immune to petrification.
You are immune to miasma.


Message History

The orc warrior is moderately wounded.
The orc closely misses you.
The orc warrior hits you but does no damage.
You hit the orc warrior.
The orc warrior is moderately wounded.
The orc barely misses you.
The orc warrior hits you with a +0 mace.
You hit the orc warrior.
The orc warrior is heavily wounded.
The orc barely misses you.
The orc warrior hits you but does no damage.
You hit the orc warrior but do no damage.
The orc warrior is heavily wounded.
The orc hits you but does no damage. The orc warrior barely misses you.
You hit the orc warrior.
The orc warrior is heavily wounded.
The orc hits you but does no damage.
The orc warrior hits you with a +0 mace!
Ouch! That really hurt!
You die...

## ..## ..##
#.#####.#
#.Jo@oo.#
#.####o....#
#..# ....#
#.## ..## #.
.# .. # ...
###


You could see an orc warrior, a jelly and 3 orcs.

Vanquished Creatures
  A jelly (D:6)
  Jessica (D:2)
  A worker ant (D:7)
  3 oozes
  5 orcs
  4 bats
  6 goblins
  5 hobgoblins
  2 jackals
  A ball python skeleton (D:3)
  2 frilled lizards (D:2)
  4 kobolds
  6 rats
41 creatures vanquished.

Notes
Turn   | Place    | Note
-------+----------+-------------------------------------------
     0 | D:1      | Borgoz the Gargoyle Gladiator began the quest for the Orb.
     0 | D:1      | Reached XP level 1. HP: 12/12 MP: 1/1
   294 | D:1      | Reached XP level 2. HP: 16/18 MP: 2/2
  1004 | D:2      | Noticed Jessica
  1006 | D:2      | Reached skill level 1 in Armour
  1019 | D:2      | Killed Jessica
  1020 | D:2      | Reached XP level 3. HP: 14/22 MP: 3/3
  1436 | D:3      | Reached XP level 4. HP: 17/27 MP: 4/4
  1681 | D:3      | You fall into a shaft and drop 3 floors!
  1723 | D:6      | Reached skill level 4 in Maces & Flails
  1935 | D:6      | Noticed an orc warrior
  1939 | D:6      | Found a shimmering blue altar of Sif Muna.
  1941 | D:6      | Found an opulent altar of Gozag.
  1974 | D:7      | Reached XP level 5. HP: 9/32 MP: 5/5
  2215 | D:7      | Slain by an orc warrior

Illustrated notes

Levels and vault maps discovered:
D:1:      saegor_arrival_simple_d, layout_loops_ring
D:2:      layout_rooms, uniq_jessica
D:3:      layout_basic
D:6:      layout_basic, nicolae_overflow_hidden_temple,
          chequers_temple_overflow_statue_of_worship,
          minmay_temple_entry_nine_rooms
D:7:      layout_layer_cave, serial_shops, shop, gammafunk_ghost_gnarly_gnolls,
          nicolae_qazlal_style_of_elements, uniq_menkaure, uniq_duvessa

Skill      XL: |  1  2  3  4 |
---------------+-------------+-----
Armour         | 1 2 |  2.0
Fighting       | 3 |  3.1
Maces & Flails | 4 |  4.3
Dodging        | 3 |  3.0
Throwing       | |  1.7

Action                   |  1- 3 |  4- 6 || total
-------------------------+-------+-------++-------
Melee: Flail             |   114 |    63 ||   177
  Use: Scroll            |     3 |     5 ||     8
       Potion            |       |     2 ||     2
 Stab: Invisible         |       |     1 ||     1
Armor: Ring mail         |    71 |    43 ||   114
Dodge: Dodged            |    91 |    59 ||   150
